AoeStats
← CazadorGT

Arabia

508540291Analyzed
3v3 RM · 10d ago on Sep 22, 2026· 42m 39s· 6 players
Game mode
Random Map
Map size
Normal (6 player)
Population
200
Speed
Normal
Resources
Standard
Victory
Conquest
Starting age
Dark Age
Ending age
Imperial Age
RankedLock teamsTeams togetherTeam positionsShared explorationLock speedFull tech treeHidden civsTurbo modeCheats
Victory
Defeat
🇨🇴 Persians · Colombia
1300
+13
🇨🇦 Goths · Canada
1250
+15
🇬🇹 Vietnamese · Guatemala
1145
+18
1251
-17
🇨🇱 Franks · Chile
1212
-15
🇨🇱 Italians · Chile
1194
-14
[HK2] Yautja_SS
6:27 Loom
9:33 Feudal Age
11:12 Double-Bit Axe
16:39 Wheelbarrow
17:53 Forging
18:36 Scale Barding Armor
23:29 Castle Age
22:12 Gold Mining
24:23 Bow Saw
24:35 Chain Barding Armor
24:28 Husbandry
27:07 Iron Casting
36:37 Imperial Age
38:03 Plate Barding Armor
39:01 Cavalier
41:28 Blast Furnace
[HK2] Shin - El Macaulay Culkin
8:04 Loom
10:46 Feudal Age
12:19 Double-Bit Axe
15:15 Fletching
18:34 Padded Archer Armor
23:25 Castle Age
21:16 Horse Collar
21:55 Town Watch
23:29 Elite Skirmisher
24:08 Bodkin Arrow
24:03 Crossbowman
25:16 Ballistics
27:46 Leather Archer Armor
28:52 Wheelbarrow
32:00 Forging
31:50 Scale Mail Armor
32:30 Squires
32:52 Heavy Plow
35:07 Iron Casting
41:09 Thumb Ring
42:17 Bow Saw
42:33 Royal Heirs
[HK2] CroWent
5:06 Loom
10:23 Feudal Age
23:55 Fletching
30:32 Castle Age
30:40 Padded Archer Armor
41:33 Gold Mining
42:10 Bodkin Arrow
Juan_DavidMLL
6:16 Loom
8:58 Feudal Age
10:26 Double-Bit Axe
15:28 Forging
17:31 Bloodlines
19:30 Scale Barding Armor
21:07 Wheelbarrow
23:41 Castle Age
22:24 Gold Mining
24:44 Chain Barding Armor
23:49 Light Cavalry
25:09 Hand Cart
25:05 Bow Saw
26:09 Husbandry
28:40 Iron Casting
29:16 Horse Collar
30:15 Heavy Plow
38:15 Town Watch
41:12 Imperial Age
41:26 Gold Shaft Mining
40:42 Stone Mining
41:05 Heavy Camel Rider
42:56 Plate Barding Armor
CazadorGT
6:49 Loom
9:59 Feudal Age
10:51 Man-at-Arms
20:20 Fletching
24:51 Double-Bit Axe
28:30 Castle Age
26:36 Horse Collar
27:23 Gold Mining
27:24 Stone Mining
28:31 Crossbowman
29:07 Bodkin Arrow
29:44 Bow Saw
29:35 Heavy Plow
31:22 Padded Archer Armor
31:57 Ballistics
31:37 Town Watch
32:29 Wheelbarrow
35:48 Leather Archer Armor
41:13 Imperial Age
38:57 Town Watch
41:47 Imperial Age
42:15 Masonry
44:00 Chemistry
ap2wang
0:27 Loom
9:05 Feudal Age
16:54 Fletching
21:02 Castle Age
18:50 Double-Bit Axe
22:39 Crossbowman
26:55 Horse Collar
29:00 Bow Saw
31:16 Wheelbarrow
34:40 Heavy Plow
36:36 Pikeman
39:31 Scale Mail Armor
39:41 Forging
42:33 Imperial Age
40:29 Man-at-Arms
41:11 Squires
41:27 Chain Mail Armor
41:47 Iron Casting
41:53 Gold Mining
41:50 Long Swordsman
Connection lost

Rejoining the realm…

Still unreachable

The connection could not be restored.

Session expired

The server has moved on; the page needs a fresh start.